cohdb
Replays
Latest Replays
All Replays
Popular Replays
Top Player Replays
Match Explorer
How It Works
Community
CoH3 Stats
Reddit
Sign in to upload your games and track your stats! →
Sign in with Steam
Match 42922168
Unlisted
Match 42922168
Overview
Messages
Build Orders
End
Construct Barracks
Selects Armored Battlegroup
Selects Veteran Crews
Riflemen Squad
1⁄4-ton 4x4 Truck
Riflemen Squad
Grenade Package
Riflemen Squad
Construct Weapon Support Center
Selects Fast Deploy
Mechanized Support Center
Designate Forward Repair Station
M3 Armored Personnel Carrier
Construct Medical Station
.30 cal Machine Gun
Selects M31 Recovery Vehicle
M3 Armored Personnel Carrier
M1918 Browning Automatic Rifles
Engineer Squad
Mortar Pit
Selects War Machine
Construct Tank Depot
Riflemen Squad
Saxil
POOH
Altair9527
MarcusGOW
davidj217
AI
0
0
Comments
sign in to comment!
No comments posted yet!